 Dungeon Crawl Stone Soup version 0.17-a0-2073-gde5cdba (webtiles) character file.

294 graki42 the Insei (level 6, 0/39 HPs)
             Began as an Octopode Transmuter on Oct 14, 2015.
             Slain by a kobold zombie (2 damage)
             ... in an ossuary.
             The game lasted 00:10:28 (4263 turns).

graki42 the Insei (Octopode Transmuter)             Turns: 4263, Time: 00:10:28

Health: 0/39       AC:  1    Str: 10    XL:     6   Next: 33%
Magic:  10/10      EV: 13    Int: 17    God:
Gold:   195        SH:  0    Dex: 12    Spells: 2 memorised, 7 levels left

rFire  . . .     SeeInvis .       - Unarmed
rCold  . . .     Clarity  .     (no shield)
rNeg   . . .     SustAt   .     (helmet restricted)
rPois  .         Gourm    .     u - amulet of rage
rElec  .         Spirit   .     (no ring)
rCorr  .         Warding  .     e - ring of wizardry
rMut   .         Stasis   .     (no ring)
MR     .....                    (no ring)
Stlth  +++.......               (no ring)
                                (no ring)
                                (no ring)
                                (no ring)

@: not resistant to hostile enchantments, fairly stealthy
A: almost no armour, amphibious, 8 rings, constrict 8, fangs 1, camouflage 1,
clever 1, clumsy 1, gelatinous body 1
a: Evoke Berserk Rage


You were in an ossuary.
You were hungry.

You visited 1 branch of the dungeon, and saw 4 of its levels.
You also visited: Ossuary.

You collected 195 gold pieces.

Inventory:

Missiles
 a - 31 arrows
 i - 18 arrows of frost
Jewellery
 e - a ring of wizardry (right tentacle)
 u - an amulet of rage (around mantle)
Scrolls
 f - a scroll of immolation
 h - a scroll of enchant weapon
 l - a scroll of magic mapping {unknown}
Potions
 g - a potion of resistance {unknown}
 j - 2 potions of lignification {unknown}
 k - 2 potions of curing {unknown}
 n - 2 potions of heal wounds {unknown}
 o - a potion of flight {unknown}
 q - 2 potions of invisibility {unknown}
 s - a potion of agility {unknown}
 w - a potion of poison {unknown}
Books
 b - a book of Changes

   Spells                             Type                      Level
   a - Beastly Appendage              Transmutation                1
   b - Sticks to Snakes               Transmutation                2
   c - Spider Form                    Transmutation/Poison         3
   d - Ice Form                       Ice/Transmutation            4
   e - Blade Hands                    Transmutation                5
Comestibles
 c - 5 bread rations


   Skills:
 + Level 2.0 Fighting
 + Level 3.2 Dodging
 + Level 2.6 Stealth
 + Level 4.1 Unarmed Combat
 + Level 3.2 Spellcasting
 + Level 3.0 Transmutations
 + Level 1.0 Poison Magic


You had 7 spell levels left.
You knew the following spells:

 Your Spells              Type           Power        Failure   Level  Hunger
a - Beastly Appendage     Trmt           ##....       2%          1    None
b - Spider Form           Trmt/Pois      #.........   10%         3    ###....


Dungeon Overview and Level Annotations

Branches:
Dungeon (4/15)
 Temple: D:4-7

Altars:
Cheibriados
Nemelex Xobeh
Trog
Zin


Innate Abilities, Weirdness & Mutations

You cannot wear most types of armour.
You are amphibious.
You can wear up to eight rings at the same time.
You can use your tentacles to constrict eight enemies at once.
Your skin changes colour to match your surroundings (Stealth).
Your rubbery body absorbs attacks (AC +1).
You have very sharp teeth.
Your mind is acute. (Int +2)
You are clumsy. (Dex -2)


Message History

You constrict the mummy.
You tentacle-slap the mummy but do no damage.
The mummy is moderately damaged.
You constrict the mummy. The mummy barely misses you.
You tentacle-slap the mummy.
You pierce the mummy, but do no damage.
The mummy is heavily damaged.
Your tentacle spike disappears.
You constrict the mummy. You tentacle-slap the mummy.
The mummy is severely damaged.
You constrict the mummy. The kobold zombie barely misses you.
The mummy hits you!!
Ouch! That really hurt!
* * * LOW HITPOINT WARNING * * *
Drink which item? (? for menu, Esc to quit)
Okay, then.
You tentacle-slap the mummy.
You destroy the mummy!
The kobold zombie hits you.
You die...

..............
.............
...........
........#
......# #....#
#.Z..# #.@..#
#....# #....#
#....# #....#
#....# #.∩∩.#
######


You could see a kobold zombie.

Vanquished Creatures
  A water moccasin zombie (D:3)
  Natasha (thrice) (D:2)
  4 mummies (Ossuary)
  6 adders
  2 oozes
  A worm (D:4)
  3 giant geckos
  8 orcs (D:3)
  A ball python (D:1)
  7 bats
  5 giant cockroaches
  A gnoll zombie (Ossuary)
  11 goblins
  7 hobgoblins
  9 kobolds
  4 giant newts
  A hobgoblin zombie (Ossuary)
  7 jackals
  A kobold zombie (Ossuary)
  4 orc zombies (Ossuary)
  A quokka (D:3)
  A quokka skeleton (D:4)
  13 rats
101 creatures vanquished.

Notes
Turn   | Place    | Note
--------------------------------------------------------------
     0 | D:1      | graki42 the Octopode Transmuter began the quest for the Orb.
     0 | D:1      | Reached XP level 1. HP: 13/13 MP: 3/3
   196 | D:1      | Reached XP level 2. HP: 8/18 MP: 3/5
   773 | D:1      | Found a sparkling altar of Nemelex Xobeh.
   963 | D:2      | Reached XP level 3. HP: 23/23 MP: 4/6
  1007 | D:2      | Learned a level 3 spell: Spider Form
  1127 | D:2      | Noticed Natasha
  1180 | D:2      | Killed Natasha
  1281 | D:2      | Found a snail-covered altar of Cheibriados.
  1283 | D:2      | Reached skill level 1 in Stealth
  1289 | D:2      | Found a glowing silver altar of Zin.
  1296 | D:2      | Found a bloodstained altar of Trog.
  1318 | D:2      | Reached XP level 4. HP: 19/28 MP: 5/7
  1382 | D:2      | Noticed Natasha
  1388 | D:2      | Killed Natasha
  1719 | D:2      | Noticed Natasha
  1724 | D:2      | Killed Natasha
  2614 | D:3      | Reached XP level 5. HP: 24/33 MP: 6/9
  3393 | D:3      | Reached skill level 1 in Poison Magic
  3856 | D:3      | Reached XP level 6. HP: 39/39 MP: 6/10
  3965 | D:4      | Gained mutation: You are clumsy. (Dex -2) [potion of mutation]
  3965 | D:4      | Gained mutation: You have very sharp teeth. [potion of mutation]
  3965 | D:4      | Gained mutation: Your mind is acute. (Int +2) [potion of mutation]
  4217 | D:4      | Found a sand-covered staircase.
  4226 | Ossuary  | Entered an ossuary
  4245 | Ossuary  | Reached skill level 4 in Unarmed Combat
  4263 | Ossuary  | Slain by a kobold zombie

Vault maps used:
D:1:      ncdulo_halloftheorcs, nemelex_xobeh_ov_fountains_minmay
D:2:      minitemple, uniq_natasha
D:3:      corexii_shack_village, first_bread
D:4:      enter_ossuary_4
Ossuary:  ossuary_tomb_3

Action                   |  1- 3 |  4- 6 || total
-------------------------+-------+-------++-------
Melee: Unarmed           |    69 |   153 ||   222
 Cast: Beastly Appendage |    17 |    18 ||    35
       Spider Form       |     1 |    12 ||    13
  Use: Scroll            |       |     8 ||     8
       Potion            |       |     1 ||     1
 Stab: Sleeping          |     3 |     7 ||    10
  Eat: Chunk             |     2 |    10 ||    12
